 Dungeon Crawl Stone Soup version 0.31-a0-949-g57150269e1 (webtiles) character file.

Game seed: 10987945359790898403

1039 Zonian the Magician (level 8, 0/36 (41) HPs)
             Began as a Deep Elf Hedge Wizard on Oct 21, 2023.
             Was an Initiate of Ashenzari.
             Slain by a wight
             ... wielding a +5 spear
              (12 damage)
             ... on level 5 of the Dungeon.
             The game lasted 00:19:41 (8244 turns).

Zonian the Magician (Deep Elf Hedge Wizard)         Turns: 8244, Time: 00:19:41

HP:   0/36 (41)     AC:  2    Str:  7    XL:     8   Next: 4%
MP:   16/20         EV: 13    Int: 22    God:    Ashenzari [......]
Gold: 114           SH:  0    Dex: 14    Spells: 15/20 levels left

rFire   x . .        f - +5 short sword of Defilement {flame, rPois rF- rC+ Will++}
rCold   + . .        (no shield)
rNeg    . . .        b - +0 robe
rPois   +            c - +0 hat
rElec   .            (no cloak)
rCorr   .            (no gloves)
SInv    .            (no boots)
Will    ++...        m - amulet of regeneration
Stlth   +++          (no ring)
HPRegen 1.06/turn    (no ring)
MPRegen 0.17/turn

%: no passive effects
@: heavily drained
A: no striking features
a: Renounce Religion


You were on level 5 of the Dungeon.
You worshipped Ashenzari.
Ashenzari was noncommittal.
You visited 2 branches of the dungeon, and saw 6 of its levels.

You collected 189 gold pieces.
You spent 75 gold pieces at shops.

Inventory:

Hand Weapons
 a - a +0 dagger
 d - a +0 short sword
 f - the +5 short sword of Defilement (weapon) {flame, rPois rF- rC+ Will++}
   (You found it on level 4 of the Dungeon)

   rF-:       It makes you vulnerable to fire.
   rC+:       It protects you from cold.
   rPois:     It protects you from poison Will++: It greatly increases your
   willpower.
 k - a +4 short sword
Armour
 b - a +0 robe (worn)
 c - a +0 hat (worn)
 n - a +0 buckler
Jewellery
 m - an amulet of regeneration (around neck)
 p - an amulet of the acrobat
Scrolls
 h - a scroll of torment
 i - a scroll of blinking
 j - a scroll of immolation
Potions
 g - 2 potions of curing
 o - a potion of attraction {unknown}
 q - a potion of magic


   Skills:
 - Level 1.0 Short Blades
 - Level 4.0 Dodging
 + Level 5.6 Stealth
 + Level 6.8 Spellcasting
 + Level 4.2 Conjurations
 + Level 4.3 Summonings
 + Level 4.2 Translocations


You had 15 spell levels left.
You knew the following spells:

 Your Spells              Type           Power      Damage    Failure   Level
a - Magic Dart            Conj           100%       1d8       1%          1
b - Call Imp              Summ           52%        N/A       2%          2
c - Blink                 Tloc           52%        N/A       2%          2

Your spell library contained the following spells:

 Spells                   Type           Power      Damage    Failure   Level
 Slow                     Hex            28%        N/A       9%          1
 Cigotuvi's Dreadful Rot  Necr/Pois/Air  14%        N/A       13%         2
 Ensorcelled Hibernation  Hex/Ice        14%        N/A       13%         2
 Jinxbite                 Hex            14%        N/A       13%         2
 Mephitic Cloud           Conj/Pois/Air  13%        N/A       14%         3
 Anguish                  Hex/Necr       3%         N/A       63%         4


Dungeon Overview and Level Annotations

Branches:
Dungeon (5/15)             Temple (1/1) D:5

Altars:
Ashenzari
Cheibriados
Dithmenos
Elyvilon
Fedhas
Hepliaklqana
Kikubaaqudgha
Makhleb
Nemelex Xobeh
Okawaru
Qazlal
Ru
Sif Muna
Trog
Uskayaw
Vehumet
Wu Jian
Yredelemnul
Zin

Shops:
D:2 :?

Annotations:
D:2 Sigmund
D:3 gelatine's ghost, amateur DsSh


Message History

The wight is heavily damaged.
The wight barely misses you.
Casting: Magic Dart (safe; 1% risk of failure)
Confirm with . or Enter, or press ? or * to list all spells.
Aiming: Magic Dart (safe; 1% risk of failure)
Press: ? - help, Shift-Dir - straight line, f/p - wight
Aim: a wight, wielding a +5 spear and wearing a +0 robe (heavily damaged, 100% to hit)
The magic dart hits the wight but does no damage.
The wight is heavily damaged.
The wight hits you with a +5 spear!
* * * LOW HITPOINT WARNING * * *
You feel much better. The wight hits you with a +5 spear!
You feel drained.
Unknown command.
You completely miss the wight.
The wight is moderately damaged.
The wight misses you.
You hit the wight. You burn the wight.
The wight is heavily damaged.
The wight hits you with a +5 spear!
* * * LOW HITPOINT WARNING * * *
You feel drained.
* * * LOW HITPOINT WARNING * * *
Unknown command.
Casting: Magic Dart (safe; 1% risk of failure)
Confirm with . or Enter, or press ? or * to list all spells.
Aiming: Magic Dart (safe; 1% risk of failure)
Press: ? - help, Shift-Dir - straight line, f/p - wight
Aim: a wight, wielding a +5 spear and wearing a +0 robe (heavily damaged, 100% to hit)
The magic dart hits the wight but does no damage.
The wight is heavily damaged.
The wight hits you but does no damage.
Casting: Magic Dart (safe; 1% risk of failure)
Confirm with . or Enter, or press ? or * to list all spells.
Aiming: Magic Dart (safe; 1% risk of failure)
Press: ? - help, Shift-Dir - straight line, f/p - wight
Aim: a wight, wielding a +5 spear and wearing a +0 robe (heavily damaged, 100% to hit)
The magic dart hits the wight but does no damage.
The wight is heavily damaged.
The wight hits you with a +5 spear!
You die...

#.....## #.# #.#.###'##
#>.# #......# #.#
#.#[.....# #..# #r5....#
#.# #.##.....###..#
#...@..#
#.####.##.......#...
#.5).r.#
#(##..........#.###.
#......#
#.##.........#......
#......#
#.##.........#......
#..(...#
#.##........###.####
#...>..# #.z@)....[..#
#.#... ####........# #.....
#........# #..#..
#........###.....
#........#...#.#. #########
#........+....... ........#
#...........#.⌠.# ........#
#.........#......
........#######+#.#...⌠.>.⌠


You could see a wight.

Vanquished Creatures
  A black bear (D:4)
  A bullfrog (D:3)
  2 scorpions (D:5)
  A wight (D:4)
  A jelly (D:4)
  2 orc priests (D:3)
  4 hounds
  Jessica (D:3)
  Natasha (thrice) (D:3)
  An orc wizard (D:5)
  A gnoll (D:1)
  5 adders
  2 worms (D:4)
  4 dart slugs
  9 orcs
  8 endoplasms
  2 giant cockroaches (D:1)
  7 goblins
  4 hobgoblins
  6 quokkas
  4 ball pythons
  3 bats (D:1)
  7 frilled lizards
  7 kobolds
  4 rats
90 creatures vanquished.

Vanquished Creatures (collateral kills)
  Eustachio (D:5)
  Blork the orc (D:5)
  An orc priest (D:5)
  2 orcs
5 creatures vanquished.

Grand Total: 95 creatures vanquished

Notes
Turn   | Place    | Note
-------+----------+-------------------------------------------
     0 | D:1      | Zonian the Deep Elf Hedge Wizard began the quest for the
                  | Orb.
     0 | D:1      | Reached XP level 1. HP: 10/10 MP: 7/7
    91 | D:1      | Reached XP level 2. HP: 10/15 MP: 2/9
  1477 | D:1      | Reached XP level 3. HP: 9/19 MP: 1/11
  2428 | D:2      | Found Heotzapp's Book Shop.
  2605 | D:2      | Noticed Sigmund
  2636 | D:2      | You fall into a shaft and drop 2 floors!
  2651 | D:4      | Identified the +5 short sword of Defilement {flame, rPois
                  | rF- rC+ Will++}
  2660 | D:4      | Learned a level 2 spell: Call Imp
  2663 | D:4      | Learned a level 2 spell: Blink
  2930 | D:4      | Reached XP level 4. HP: 15/24 MP: 2/12
  3180 | D:3      | Reached skill level 5 in Spellcasting
  3227 | D:3      | Reached XP level 5. HP: 12/28 MP: 3/14
  3451 | D:3      | Found a runed translucent door.
  3455 | D:3      | Noticed gelatine's ghost (amateur DsSh)
  3750 | D:2      | Found Aheetan's Magic Scroll Emporium.
  3753 | D:2      | Bought a scroll of blinking for 75 gold pieces
  4272 | D:3      | Noticed Natasha
  4281 | D:3      | Killed Natasha
  4511 | D:3      | Noticed Jessica
  4518 | D:3      | Killed Jessica
  4546 | D:3      | HP: 1/28 [orc priest/divine providence (11)]
  4688 | D:3      | Found a sacrificial altar of Ru.
  4703 | D:3      | Noticed Natasha
  4713 | D:3      | Killed Natasha
  4714 | D:3      | Reached XP level 6. HP: 28/32 MP: 9/16
  4987 | D:3      | Noticed Natasha
  5142 | D:3      | Killed Natasha
  6813 | D:3      | Reached skill level 1 in Short Blades
  6813 | D:3      | Reached skill level 6 in Spellcasting
  6813 | D:3      | Reached XP level 7. HP: 32/36 MP: 13/18
  6938 | D:5      | Entered Level 5 of the Dungeon
  6964 | D:5      | Noticed Eustachio
  7064 | D:5      | Noticed Blork the orc
  7080 | D:5      | Killed Blork the orc
  7133 | D:5      | Reached skill level 5 in Stealth
  7409 | D:5      | Found a staircase to the Ecumenical Temple.
  7434 | Temple   | Entered the Ecumenical Temple
  7611 | Temple   | Became a worshipper of Ashenzari the Shackled
  8138 | D:5      | Killed Eustachio
  8139 | D:5      | Reached XP level 8. HP: 41/41 MP: 18/20
  8244 | D:5      | Slain by a wight

Illustrated notes

Levels and vault maps discovered:
D:1:      dpeg_arrival_erosion, layout_loops_ring
D:2:      layout_basic, serial_shops, shop, nicolae_shop_rolled_up, uniq_sigmund
D:3:      layout_loops_ring, nicolae_ru_awakened_eye, ebering_ghost_sewer_d,
          uniq_natasha, uniq_jessica
D:4:      layout_basic
D:5:      layout_basic, minmay_temple_entry_sparse_star, uniq_eustachio,
          uniq_blork_the_orc
Temple:   mainiacjoe_temple_bowtie_tessellation

Skill      XL: |  1  2  3  4  5  6  7 |
---------------+----------------------+-----
Stealth        | 3 4 5 |  5.6
Dodging        | 3 4 |  4.0
Summonings     | 2 3 4 |  4.3
Translocations | 2 3 4 |  4.2
Conjurations   | 2 3 4 |  4.2
Spellcasting   | 5 6 |  6.8
Short Blades   | 1 |  1.0

Action                     |  1- 3 |  4- 6 |  7- 9 || total
---------------------------+-------+-------+-------++-------
  Melee: Dagger            |    22 |       |       ||    22
         Short sword       |    15 |    71 |    43 ||   129
   Cast: Magic Dart        |   126 |    61 |    25 ||   212
         Call Imp          |       |     3 |       ||     3
         Blink             |       |     5 |     2 ||     7
    Use: Potion            |     1 |     5 |     2 ||     8
         Scroll            |     4 |     8 |     2 ||    14
   Stab: Sleeping          |       |     6 |     2 ||     8
 Armour: Robe              |    45 |    70 |    32 ||   147
  Dodge: Dodged            |    55 |    64 |    29 ||   148

Table legend: (Time is in decaauts)
 A = Elapsed time spent in this place.
 B = Non-inter-level travel time spent in this place.
 C = Inter-level travel time spent in this place.
 D = Time resting spent in this place.
 E = Time spent auto-exploring this place.
 F = Levels seen in this place.
 G = Mean time per level.
                   A        B        C        D        E       F      G
               +--------+--------+--------+--------+--------+-----+--------+
         Total |   8251 |   8037 |    214 |   3400 |   2936 |   6 | 1375.2 |
       Dungeon |   8047 |   7860 |    187 |   3300 |   2936 |   5 | 1609.4 |
        Temple |    204 |    177 |     27 |    100 |      0 |   1 |  204.0 |
               +--------+--------+--------+--------+--------+-----+--------+

Top non-repeatable levels by time:
     D:1: 2257 daAuts
     D:4: 1743 daAuts
     D:3: 1671 daAuts
     D:2: 1520 daAuts
     D:5: 855 daAuts
  Temple: 204 daAuts
